 Dungeon Crawl Stone Soup version 0.31.0-11-ge490571c62 (webtiles) character file.

Game seed: 14654489049634337536

24 qw the Shooter (level 2, 0/16 HPs)
             Began as a Deep Elf Hunter on Feb 5, 2024.
             Slain by a goblin
             ... wielding a +0 dagger
              (1 damage)
             ... on level 2 of the Dungeon.
             The game lasted 00:00:43 (804 turns).

qw the Shooter (Deep Elf Hunter)                     Turns: 804, Time: 00:00:44

Health: 0/16       AC:  3    Str:  8    XL:     2   Next: 79%
Magic:  4/4        EV: 12    Int: 13    God:
Gold:   73         SH:  0    Dex: 18    Spells: 1/1 levels left

rFire   . . .        a - +0 shortbow
rCold   . . .        (shield currently unavailable)
rNeg    . . .        c - +0 leather armour
rPois   .            (no helmet)
rElec   .            (no cloak)
rCorr   .            (no gloves)
SInv    .            (no boots)
Will    .....        (no amulet)
Stlth   ++           (no ring)
HPRegen 0.22/turn    (no ring)
MPRegen 0.09/turn

%: no passive effects
@: no status effects
A: no striking features
a: no special abilities


You were on level 2 of the Dungeon.
You visited 1 branch of the dungeon, and saw 2 of its levels.

You collected 73 gold pieces.


   Skills:
 - Level 1.5 Fighting
 + Level 6.5 Ranged Weapons
 - Level 2.4 Dodging
 - Level 1.2 Stealth


You had one spell level left.
You didn't know any spells.
Your spell library was empty.

Inventory:

Hand Weapons
 a - a +0 shortbow (weapon)
Armour
 c - a +0 leather armour (worn)
Potions
 b - a potion of might {unknown}
 e - a potion of ambrosia {unknown}
 h - a potion of heal wounds {unknown}

Dungeon Overview and Level Annotations

Branches:
Dungeon (2/15)

Altars:
Ru

Annotations:
D:2 Terence


Message History

You shoot an arrow. The goblin shouts!
The arrow hits Terence!
Terence is heavily wounded.
You hear an angry hiss.
You shoot an arrow.
The arrow hits Terence but does no damage.
Terence is heavily wounded.
You shoot an arrow.
The arrow hits Terence but does no damage.
Terence is heavily wounded.
You shoot an arrow. The arrow hits Terence.
Terence is severely wounded.
You shoot an arrow.
The arrow hits Terence but does no damage.
Terence is severely wounded.
Terence barely misses you.
You shoot an arrow.
The arrow hits Terence but does no damage.
Terence is severely wounded.
Terence barely misses you. The goblin hits you but does no damage.
You shoot an arrow.
The arrow hits Terence but does no damage.
Terence is severely wounded.
Terence barely misses you. The goblin hits you with a +0 dagger.
You shoot an arrow. The arrow barely misses Terence.
Terence barely misses you. The goblin hits you with a +0 dagger.
You shoot an arrow.
The arrow hits Terence but does no damage.
Terence is severely wounded.
Terence barely misses you. The goblin hits you but does no damage.
You shoot an arrow.
The arrow hits Terence but does no damage.
Terence is severely wounded.
Terence hits you with a +0 hand axe!
Ouch! That really hurt!
The goblin hits you with a +0 dagger.
You shoot an arrow. The arrow closely misses Terence.
Terence closely misses you. The goblin hits you with a +0 dagger.
You die...

#.# #.........
##.. ..........
...##.........
#............
#............
#........... ###
#..........
.....#<.........
........@.......#
.......g@.#.._..#
..<.............#
.........#......#
..............###
....)...##......
.....>..# .....#
....... .....


You could see Terence and a goblin.

Vanquished Creatures
  2 dart slugs (D:1)
  2 endoplasms (D:1)
  A giant cockroach (D:1)
  2 goblins (D:1)
  3 hobgoblins (D:1)
  A quokka (D:1)
  2 ball pythons (D:1)
  A bat (D:1)
  3 kobolds
  3 rats (D:1)
20 creatures vanquished.

Notes
Turn   | Place    | Note
-------+----------+-------------------------------------------
     0 | D:1      | qw the Deep Elf Hunter began the quest for the Orb.
     0 | D:1      | Reached XP level 1. HP: 12/12 MP: 3/3
     0 | D:1      | 0 ||| qw: Version: 0.3-a-160-g6735b56
     0 | D:1      | 0 ||| qw: Game counter: 6311
     0 | D:1      | 0 ||| qw: Melee chars always use a shield: true
     0 | D:1      | 0 ||| qw: God list: Okawaru
     0 | D:1      | 0 ||| qw: Allow faded altars: false
     0 | D:1      | 0 ||| qw: Do Orc after clearing Dungeon:15 true
     0 | D:1      | 0 ||| qw: Do second Lair branch before Depths: true
     0 | D:1      | 0 ||| qw: Lair rune preference: random
     0 | D:1      | 0 ||| qw: Goals: Normal
     0 | D:1      | 0 ||| PLANNING D:1-11
   152 | D:1      | Reached XP level 2. HP: 16/16 MP: 4/4
   212 | D:1      | Reached skill level 6 in Ranged Weapons
   679 | D:1      | 679 ||| READING scroll labelled QAFEUGRIEDE.
   680 | D:1      | 680 ||| READING scroll labelled AMINGI KERUCAH.
   681 | D:1      | 681 ||| READING scroll labelled YMI CENTIMN.
   682 | D:1      | 682 ||| DROPPING scroll of butterflies.
   684 | D:1      | 684 ||| Stepping ~*~*~tactically~*~*~ (cloud).
   688 | D:1      | HP: 4/16 [poisoned by you (poison gas)]
   788 | D:2      | Found a sacrificial altar of Ru.
   793 | D:2      | Noticed Terence
   803 | D:2      | HP: 4/16 [Terence/+0 hand axe (9)]
   803 | D:2      | HP: 1/16 [goblin/+0 dagger (3)]
   804 | D:2      | Slain by a goblin

Levels and vault maps discovered:
D:1:      moated_graveyard_arrival, layout_loops_ring,
          nicolae_twisty_statue_hallways
D:2:      layout_rooms, basic_altar, uniq_terence

Skill      XL: |  1  2 |
---------------+-------+-----
Ranged Weapons | 6 |  6.5
Fighting       | |  1.5
Dodging        | |  2.4
Stealth        | |  1.2

Action                     || total
---------------------------++-------
   Fire: Shortbow          ||    54
    Use: Scroll            ||     3
 Armour: Leather armour    ||    11
  Dodge: Dodged            ||    10

Table legend:
 A = Non-vault XP
 B = Vault XP
 C = Vault XP percentage of total XP
 D = Non-vault monster count
 E = Vault monster count
 F = Vault count percentage of total count
                 A         B        C        D         E       F
            +---------+---------+-------+---------+---------+-------
      Total |      35 |       0 |   0.0 |      20 |       0 |   0.0
            +---------+---------+-------+---------+---------+-------
        D:1 |      33 |       0 |   0.0 |      19 |       0 |   0.0
        D:2 |       2 |       0 |   0.0 |       1 |       0 |   0.0
            +---------+---------+-------+---------+---------+-------
